Cogmind - Beta 11.1 @@@ ROGUE MODE // 2022.05.30 @ 17:11:28 Player: Jamuson Result: Destroyed by G-47 Trooper with Particle Gun Performance ------------- Evolutions (0) 0 Regions Visited (2) 400 Robots Destroyed (21) 105 Value Destroyed (436) 436 Prototype IDs (0) 0 Alien Tech Used (0) 0 Bonus (0) 0 TOTAL SCORE: 941 Bonus ------- None Cogmind --------- Core Integrity 0/250 Matter 222/300 Energy 250/250 System Corruption 3% Temperature Cool (37) Movement Rolling (105) Ox1 Location -10/Mines Parts ------- > --- POWER (1) -------- Ion Engine > --- PROPULSION (2) --- Wheel Compact Wheel > --- UTILITY (2) ------ High-capacity Storage Unit Targeting Computer > --- WEAPON (2) ------- Light Assault Rifle Heavy Assault Rifle > --- INVENTORY (20) --- Ion Engine Light Treads Light Treads Heat Sink Large Battery (200) High-capacity Matter Pod (69) Hardened Light Armor Plating Hardened Light Armor Plating Hardened Light Armor Plating Hardened Light Armor Plating Medium Laser Assault Rifle Heavy Assault Rifle Heavy Assault Rifle Heavy Assault Rifle EMP Blaster EMP Blaster Grenade Launcher Mining Laser Peak State ------------ > --- POWER ------------ Ion Engine > --- PROPULSION ------- Wheel Compact Wheel > --- UTILITY ---------- High-capacity Storage Unit Targeting Computer > --- WEAPON ----------- Heavy Assault Rifle Heavy Assault Rifle > --- INVENTORY -------- Ion Engine Light Treads Light Treads Heat Sink Large Battery High-capacity Matter Pod Hardened Light Armor Plating Hardened Light Armor Plating Hardened Light Armor Plating Hardened Light Armor Plating Medium Laser Assault Rifle Light Assault Rifle Heavy Assault Rifle Grenade Launcher [Rating: 11] Favorites ----------- Power Ion Engine Engine Ion Engine Propulsion Compact Wheel Leg Aluminum Leg Wheel Compact Wheel Utility High-capacity Storage Unit Device Structural Scanner Storage High-capacity Storage Unit Processor Targeting Computer Weapon Assault Rifle Energy Gun EM Pulse Gun Ballistic Gun Assault Rifle Launcher Grenade Launcher Build | -11 -10 -10 ------- Run | Scr Mat Min Slots Evolved . | . . . Power . | . . . Propulsion . | . . . Utility . | . . . Weapon . | . . . Parts Attached 20 | . 18 2 Power 3 | . 3 . Engine 3 | . 3 . Core . | . . . Reactor . | . . . Propulsion 4 | . 4 . Treads . | . . . Leg . | . . . Wheel 4 | . 4 . Hover . | . . . Flight . | . . . Utility 5 | . 5 . Device 1 | . 1 . Storage 3 | . 3 . Processor 1 | . 1 . Hackware . | . . . Protection . | . . . Artifact . | . . . Weapon 8 | . 6 2 Energy Gun 2 | . 2 . Energy Cannon . | . . . Ballistic Gun 5 | . 4 1 Ballistic Cannon . | . . . Launcher 1 | . . 1 Special Weapon . | . . . Impact Weapon . | . . . Slashing Weapon . | . . . Piercing Weapon . | . . . Special Melee Weapon . | . . . Unidentified Prototypes . | . . . Parts Lost 2 | . 2 . Power . | . . . Propulsion . | . . . Utility . | . . . Weapon 2 | . 2 . Highest Loss Streak 1 | . 1 . To Critical Strikes . | . . . Average Slot Usage (%) 89 | . 86 100 Engine 14 | . 14 14 Leg 8 | . 10 . Wheel 19 | . 17 28 Device 2 | . 3 . Storage 14 | . 14 14 Processor 3 | . 1 14 Energy Gun 7 | . 8 . Ballistic Gun 18 | . 16 24 Naked Turns . | . . . Heaviest Build 51 | 13 51 51 Greatest Support 26 | 20 26 26 Greatest Overweight (x) 2 | . 2 1 Average Overweight (x) . | . . 1 Largest Inventory Capacity 20 | . 20 20 Average Capacity 16 | . 15 20 Most Carried 20 | . 19 20 Average Carried 9 | . 6 19 Final Capacity 20 | 8 20 20 Final Carried 19 | 6 19 19 Class Distribution -------------------- 100% | Mutant Dominant Class ---------------- Mutant | -10/Materials Mutant | -10/Mines Resources | -11 -10 -10 ----------- Run | Scr Mat Min Matter Collected 645 | 191 454 . Remotely . | . . . Salvage Created 630 | . 630 . Parts 43 | . 43 . Haulers Intercepted 1 | . 1 . Recyclers Shooed . | . . . Parts Field Recycled . | . . . Retrieved Matter . | . . . Parts Self-Destructed . | . . . Prevented . | . . . Kills | -11 -10 -10 ------- Run | Scr Mat Min Combat Hostiles Destroyed 17 | . 17 . Guns 16 | . 16 . AOE 1 | . 1 . Classes Destroyed 4 | . 4 . Hauler 1 | . 1 . Watcher 3 | . 3 . Swarmer 8 | . 8 . Grunt 9 | . 9 . Best Kill Streak 5 | . 5 . Combat Bots Only 5 | . 5 . Max Kills in Single Turn 1 | . 1 . Gunslinging . | . . . Exploded 1 | . 1 . Melee . | . . . Uniques/NPCs Destroyed . | . . . Combat | -11 -10 -10 -------- Run | Scr Mat Min Damage Taken 791 | . 724 67 Core 260 | . 215 45 Absorbed by Shields . | . . . Core Remaining (%) 100 | 100 . . Volleys Fired 77 | . 73 4 Largest 2 | . 2 2 Hottest 70 | . 70 43 Shots Fired 142 | . 133 9 Gun 142 | . 133 9 Cannon . | . . . Launcher . | . . . Special . | . . . Kinetic 95 | . 86 9 Thermal 33 | . 33 . Explosive . | . . . Electromagnetic 14 | . 14 . Robot Hit Streak 8 | . 7 8 Robot Miss Streak 5 | . 5 2 Penetration Max . | . . . Secondary Targets 2 | . 2 . Max Gunslinging Chain 1 | . 1 . Shots Hit Robots 78 | . 72 6 Core Hits 36 | . 34 2 Critical Kills . | . . . Critical Parts Destroyed . | . . . Critical Strikes 1 | . 1 . Burn 1 | . 1 . Melee Attacks . | . . . Impact . | . . . Slashing . | . . . Piercing . | . . . Sneak Attacks . | . . . Combat Hostiles . | . . . Follow-up Attacks . | . . . Damage Inflicted 1001 | . 939 62 Guns 974 | . 912 62 Cannons . | . . . Explosions 27 | . 27 . Melee . | . . . Ramming . | . . . Kinetic 655 | . 593 62 Thermal 234 | . 234 . Explosive . | . . . Electromagnetic 112 | . 112 . Impact . | . . . Slashing . | . . . Piercing . | . . . Highest Corruption 3 | . 3 3 Average Corruption 2 | . 2 3 Corruption Purged . | . . . Corruption Blocked . | . . . Effects 21 | . 17 4 Message Errors 4 | . 4 . Matter Fused 5 | . 5 . Heat Flow Errors 2 | . 2 . Energy Discharges 2 | . 1 1 Parts Rejected 1 | . 1 . Data Loss (minor) 4 | . 3 1 Data Loss (major) 1 | . 1 . Misfires 1 | . . 1 Alerts 1 | . . 1 Overload Shots . | . . . Overflow Damage . | . . . Projectiles . | . . . Explosions . | . . . Melee . | . . . Knockbacks . | . . . Impact . | . . . Kinetic . | . . . Secondary . | . . . Self-Inflicted Damage . | . . . Shots . | . . . Rammed . | . . . Targets Rammed . | . . . Kicked . | . . . Crushed . | . . . Highest Temperature 174 | . 174 28 Average Temperature 26 | . 27 11 Received Heat Transfer 333 | . 294 39 Siege Activations . | . . . Robots Corrupted . | . . . Combat Hostiles . | . . . Parts Fried . | . . . Impact Corruptions . | . . . Robots Melted . | . . . Combat Hostiles . | . . . Parts Melted . | . . . Heat Transferred 670 | . 670 . Parts Sabotaged . | . . . Parts Stolen . | . . . Parts Stripped . | . . . Power Chain Reactions 1 | . 1 . Missiles Intercepted . | . . . Alert | -11 -10 -10 ------- Run | Scr Mat Min Peak Influence 280 | . 280 75 Initial 75 | . . 75 Average 132 | . 145 75 Maximum Alert Level 1 | . 1 . Low Security (%) 77 | . 72 100 Level 1 22 | . 27 . Level 2 . | . . . Level 3 . | . . . Level 4 . | . . . Level 5 . | . . . High Security . | . . . Max Security . | . . . Squads Dispatched 4 | . 4 . Investigation 3 | . 3 . Extermination . | . . . Reinforcement 1 | . 1 . Assault . | . . . Garrison . | . . . Intercept . | . . . Searches Triggered . | . . . Construction Impeded . | . . . Haulers Reinforced . | . . . Active Scanning Responses . | . . . Cargo Convoy Interrupts . | . . . Stealth | -11 -10 -10 --------- Run | Scr Mat Min Distress Signals . | . . . Communications Jammed . | . . . Distress Signals . | . . . Times Spotted 27 | . 25 2 Peak Tracking Total 4 | . 4 2 Tactical Retreats . | . . . Traps | -11 -10 -10 ------- Run | Scr Mat Min Traps Triggered 5 | . 5 . Indirectly . | . . . Trap Hack Attempts . | . . . Triggered . | . . . Disarmed . | . . . Reprogrammed . | . . . Reused . | . . . Traps Extracted . | . . . Installed . | . . . Triggered . | . . . Machines | -11 -10 -10 ---------- Run | Scr Mat Min Machines Disabled . | . . . Max in Single Turn . | . . . Machines Sabotaged . | . . . Garrisons Compromised . | . . . Overloaded Fab Kills . | . . . Hacking | -11 -10 -10 --------- Run | Scr Mat Min Machines Accessed 8 | . 8 . Terminals 7 | . 7 . Fabricators . | . . . Repair Stations . | . . . Recycling Units 1 | . 1 . Scanalyzers . | . . . Garrison Access . | . . . Total Hacks 23 | . 23 . Successful 12 | . 12 . Failed 11 | . 11 . Catastrophic . | . . . Database Lockouts . | . . . Manual 20 | . 20 . Terminals 22 | . 22 . Fabricators . | . . . Repair Stations . | . . . Recycling Units 1 | . 1 . Scanalyzers . | . . . Garrison Access . | . . . Terminal Hacks 5 | . 5 . Robot Analysis 3 | . 3 . Terminal Index 1 | . 1 . Alert Level 1 | . 1 . Fabricator Hacks . | . . . Repair Station Hacks . | . . . Recycling Unit Hacks . | . . . Scanalyzer . | . . . Garrison Access Hacks . | . . . Unauthorized Hacks 7 | . 7 . Terminals 6 | . 6 . Assimilate 1 | . 1 . Botnet 4 | . 4 . Operators 1 | . 1 . Fabricators . | . . . Repair Stations . | . . . Recycling Units 1 | . 1 . Tunnel 1 | . 1 . Scanalyzers . | . . . Garrison Access . | . . . Data Cores Recovered . | . . . Used . | . . . Hacking Detections 7 | . 7 . Full Trace Events 2 | . 2 . Feedback Events . | . . . Feedback Blocked . | . . . Robot Schematics Acquired . | . . . Robots Built . | . . . Authchips . | . . . Time . | . . . Total Robot Build Rating . | . . . Part Schematics Acquired . | . . . Parts Built . | . . . Authchips . | . . . Time . | . . . Total Part Build Rating . | . . . Parts Repaired . | . . . Time . | . . . Parts Recycled . | . . . Recycled Matter . | . . . Retrieved Matter . | . . . Retrieved Components . | . . . Parts Scanalyzed . | . . . Part Schematics Acquired . | . . . Parts Damaged . | . . . Bothacking | -11 -10 -10 ------------ Run | Scr Mat Min Used RIF Installer . | . . . Robots Hacked . | . . . Non-combat . | . . . Combat . | . . . Robot Hacks Applied . | . . . Relay Couplers Released . | . . . Fabnet Peak Effective % . | . . . Robots Rewired . | . . . Allies Hacked . | . . . Hacks Repelled . | . . . Allies | -11 -10 -10 -------- Run | Scr Mat Min Total Allies . | . . . Largest Group . | . . . Highest-Rated Group . | . . . Highest-Rated Ally . | . . . Total Orders . | . . . Ally Attacks . | . . . Total Damage . | . . . Kills . | . . . Allies Corrupted . | . . . Allies Melted . | . . . Intel | -11 -10 -10 ------- Run | Scr Mat Min Robot Analysis Total 3 | . 3 . Derelict Logs Recovered . | . . . Drone Launches . | . . . Drone Recoveries . | . . . Exploration | -11 -10 -10 ------------- Run | Scr Mat Min Turns Passed 1244 | . 1025 219 Spaces Moved 853 | 1 680 172 Core . | . . . Treads . | . . . Legs 197 | 1 196 . Wheels 656 | . 484 172 Hover . | . . . Flight . | . . . Fastest Speed 105 | 120 105 105 Average Speed 108 | 120 109 105 Slowest Speed 130 | 120 130 105 Overloaded Moves . | . . . Propulsion Burnouts . | . . . Robots Hopped . | . . . Cave-ins Triggered . | . . . Exploration Rate (%) 45 | 2 94 41 Regions Visited 2 Branch Regions 1 Pre-discovered Areas 1 | . 1 . Known Exits Taken . | . . . Unknown Exits Taken 2 | 1 1 . Scrap Searched . | . . . Spaces Dug . | . . . Terrain Destroyed 2 | . 2 . Melee . | . . . Projectile . | . . . AOE 2 | . 2 . Terrain Rammed . | . . . Walls Destroyed . | . . . Machines Disabled . | . . . Actions | -11 -10 -10 --------- Run | Scr Mat Min Total 1034 | . 830 204 Wait 64 | . 39 25 Move 851 | . 679 172 Hop . | . . . Pick Up 12 | . 12 . Fast Attach 9 | . 9 . Attach 3 | . 2 1 Detach 3 | . 2 1 Swap 8 | . 7 1 Drop 7 | . 7 . Fire 77 | . 73 4 Melee . | . . . Ram . | . . . Kick . | . . . Crush . | . . . Escape Stasis . | . . . Rewire . | . . . Trap . | . . . Miscellaneous . | . . . Route ------- -11/Scrapyard -10/Materials (discovered 4 exits: [*Mat x3] / [*Min]) -10/Mines (discovered 1 exit: [*Mat]) History --------- Turn | Location | Event 1 | -11/Scrapyard | Discovered new exit (range 0) 1 | -11/Scrapyard | Entered Materials 257 | -10/Materials | Core integrity fell below 50% 314 | -10/Materials | Build established: Mutant 330 | -10/Materials | Discovered new exit (range 8) 431 | -10/Materials | Discovered new exit (range 15) 705 | -10/Materials | Discovered new exit (range 9) 842 | -10/Materials | Discovered new exit (range 6) 895 | -10/Materials | Core integrity fell below 20% 1026 | -10/Materials | Entered Mines 1159 | -10/Mines | Deemed a non-threat by the Exiles lab entrance 1235 | -10/Mines | Discovered new exit (range 5) 1245 | -10/Mines | Destroyed by G-47 Trooper with Particle Gun Last Messages --------------- 00948_ Acquired Hrd. Light Armor Plating. 00956_ Acquired Hvy. Assault Rifle. 00967_ Acquired EMP Blaster. 00974_ Acquired Hvy. Assault Rifle. 01019_ K-01 Serf cleans the Terminal. 01020_ System corrupted: Heat flow error (+194). 01023_ Acquired Mining Laser. LOCATION=UNKNOWN GOAL=ESCAPE Something is scanning the area. 01063_ System corrupted: FCS attempts to trigger Hvy. Assault Rifle. 01063_ System corrupted: Hvy. Assault Rifle misfires. 01085_ System corrupted: Energy discharge (-85). 01116_ K-01 Serf collects debris. 01134_ System corrupted: IFF burst signal emitted. 01154_ K-01 Serf collects debris. 01159_ "No threat detected, you may enter." 01204_ K-01 Serf collects debris. 01226_ System corrupted: Component data lost. 01235_ EXIT=FOUND Map ----- +----------------------------------------------------+ | ?????????????????????????????????????????? | | ?????????????????????????????????????????? | | ?????????????????????????????????????????? | | ?????????????????????????????????????????? | | ?????????????????????????????????????????? | | ?????????????????????????????????????????? | | ?????????????????????????????????????????? | | ?????????????????????????????????????????? | | ?????????????????????????????????????????? | | ?????????????????????????????????????????? | | ?????????????????????????????????????????? | | ?????????????????????????????????????????? | | ?????????????????????????????????????????? | | ?????????????????????????????????????????? | | ?????????????????????????????????????????? | | ?????????????????????????????????????????? | | ?????????????##??????????????????????????? | | ????????????? ##????????????????????????? | | ????????????? ###??????????????????????? | | ????????????? ???????????????????????? | | ????????????? ???????????????????????? | | ????????????? ????????????????????????? | | ?????????????# ?????????????????????????? | | ?????????????# #?????????????????###?????? | | ?????????##### ####### #?????????? ?????? | | ?????????# @ #?????????? ?????? | | ?????????# ###### ######??????????# ?????? | | ?????????# #????# #???????????????# ###### | | ?????????# #????# #???????????????# | | ?????????# #???? g ???????????????## #### | | ?????????# #???? < ????????????????# #??# | | ?????????# #???? ????????????????# #??# | | ?????????# #????g ????????????????# #??# | | ?????????# ##??? ????????????????# #??# | | ????????## ##?? ""????????????????# #??# | | ???????## #? """???????????????# #??## | | ??????## #? """???????????????# #???? | | ????### ##? ?????????????###### #???? | | ???## #??##?????????????# #???? | | ???# ##????????????????# #####???? | | ???# ##????????######## #???????? | | ???# ##???????# #???????? | | ???# #???????# ####### #???????? | | ???# ##?###### #?????# ###?????? | | ???## #?# #?????# #?????? | | ????##### ### ######?????### #????? | | ????????# ## #????????????# ##????? | | ???????# #???????????? #?????? | | ???????# #####???????????? ##?????? | | ???????## ##???????????????? ???????? | +----------------------------------------------------+ Best States ------------- Heat Dissipation 25 Energy Generation 10 Energy Capacity 250 Matter Stores 300 Matter Capacity 300 Sight Range 16 Terrain Scan Density 10 Evasion (%) 55 Targeting Accuracy 5 Item Schematics ----------------- None Robot Schematics ------------------ None Fabricated ------------ Nothing Alien Tech Used ----------------- None Achievements -------------- None Challenges ------------ None Game ------ Seed MiniRefineryBoregun Manual? 0 Play Time 00:12:03 Cumulative 208.1 hours Start 2022.05.30 @ 16:59:42 End 2022.05.30 @ 17:11:28 Sessions 1 Manual Loads 0 Difficulty Rogue Special Mode None Game No. 92 Rogue 85 Adventurer 0 Explorer 7 Win Type - Total 1 Types 0/0/1/0/0/0/0/0/0 Lore% 62 Gallery% 60 Achievement% 50 Wizard Run 0 Options --------- ASCII 0 Keyboard 0 Movement Mouse Keybinds 0 Fullscreen 1 Font 16/Cog Map View 76x50 Tactical HUD 1 Map Filters NONE Filters NONE Steam 1 RUN: 1904fb52-ab1a-416a-9790-4b74e1f4f867